 Dungeon Crawl Stone Soup version 0.31-a0-986-g5e6e4ef867 (webtiles) character file.

Game seed: 9488078842140923666

6287 AppTheSpectato the Basher (level 10, -6/97 HPs)
             Began as a Minotaur Fighter on Nov 9, 2023.
             Was a Believer of the Shining One.
             Mangled by a boulder beetle (20 damage)
             ... on level 8 of the Dungeon.
             The game lasted 00:19:24 (6476 turns).

AppTheSpectato the Basher (Minotaur Fighter)        Turns: 6476, Time: 00:19:25

Health: -6/97      AC: 10    Str: 25    XL:     10   Next: 63%
Magic:  13/13      EV: 15    Int:  5    God:    the Shining One [**....]
Gold:   424        SH:  0    Dex: 10    Spells: 9/9 levels left

rFire   . . .        J - +0 morningstar
rCold   . . .        (no shield)
rNeg    + . .        A - +4 ring mail of Ravioli {SInv}
rPois   +            (helmet restricted)
rElec   .            (no cloak)
rCorr   .            a - +0 pair of gloves
SInv    +            (no boots)
Will    .....        f - amulet of the acrobat Stlth
                     g - ring of poison resistance
HPRegen 0.36/turn    r - +5 ring of evasion
MPRegen 0.13/turn

%: acrobat
@: about to teleport, glowing
A: horns 2, retaliatory headbutt
a: Renounce Religion, Divine Shield


You were on level 8 of the Dungeon.
You worshipped the Shining One.
The Shining One was pleased with you.
You visited 2 branches of the dungeon, and saw 9 of its levels.

You collected 424 gold pieces.

Inventory:

Hand Weapons
 E - a +2 mace
 G - a +0 whip of freezing
 J - a +0 morningstar (weapon)
Armour
 a - a +0 pair of gloves (worn)
 A - the +4 ring mail of Ravioli (worn) {SInv}
   (You found it on level 6 of the Dungeon)

   SInv:      It lets you see invisible.
Jewellery
 f - an amulet of the acrobat (around neck)
 g - a ring of poison resistance (left hand)
 r - a +5 ring of evasion (right hand)
 v - a ring of wizardry
 H - a ring of ice
Wands
 u - a wand of polymorph (6)
 y - a wand of digging (4)
 B - a wand of paralysis (16)
 F - a wand of roots (7)
 I - a wand of mindburst (16)
Scrolls
 c - 2 scrolls of noise {unknown}
 e - 2 scrolls of teleportation
 h - a scroll of brand weapon {unknown}
 j - a scroll of enchant armour {unknown}
 k - a scroll of fog
 m - a scroll of enchant weapon {unknown}
 n - 2 scrolls of blinking {unknown}
 o - a scroll of torment {unknown}
 q - a scroll of vulnerability {unknown}
 w - 3 scrolls of revelation {unknown}
Potions
 b - 2 potions of brilliance
 d - 3 potions of might
 i - 5 potions of curing
 l - 2 potions of berserk rage {unknown}
 p - a potion of ambrosia
 s - a potion of lignification
 t - a potion of enlightenment {unknown}
 z - a potion of attraction
 C - a potion of resistance {unknown}
 D - 2 potions of heal wounds {unknown}


   Skills:
 - Level 12.0 Fighting
 - Level 14.0 Maces & Flails
 - Level 3.6 Armour
 - Level 3.6 Shields
 + Level 5.7 Invocations


You had 9 spell levels left.
You didn't know any spells.
Your spell library contained the following spells:

 Spells                   Type           Power      Damage    Failure   Level
 Magic Dart               Conj           0%         1d3       63%         1
 Call Imp                 Summ           0%         N/A       77%         2
 Static Discharge         Conj/Air       0%         3-3/arc   77%         2
 Mephitic Cloud           Conj/Pois/Air  0%         N/A       94%         3
 Airstrike                Air            0%         2d(0-16)  100%        4
 Animate Dead             Necr           0%         N/A       100%        4
 Summon Lightning Spire   Summ/Air       0%         N/A       100%        4
 Vhi's Electric Charge    Tloc/Air       0%         N/A       100%        4
 Arcjolt                  Conj/Air       0%         1d10      100%        5
 Borgnjor's Vile Clutch   Necr/Erth      0%         N/A       100%        5
 Iskenderun's Battlesphe  Conj           0%         2d6       100%        5
 Bombard                  Conj/Erth      0%         9d1       100%        6
 Death Channel            Necr           0%         N/A       100%        6
 Spellforged Servitor     Conj/Summ      0%         N/A       100%        7
 Maxwell's Capacitive Co  Air            0%         ∞         100%        8


Dungeon Overview and Level Annotations

Branches:
Dungeon (8/15)             Temple (1/1) D:5
   Lair: D:8-11

Altars:
Ashenzari
Cheibriados
Dithmenos
Elyvilon
Gozag
Hepliaklqana
Kikubaaqudgha
Makhleb
Okawaru
Qazlal
Ru
Sif Muna
Trog
Uskayaw
Vehumet
Wu Jian
Yredelemnul
Zin
The Shining One

Shops:
D:8 *


Innate Abilities, Weirdness & Mutations

You have a pair of horns on your head.
You reflexively headbutt those who attack you in melee.


Message History

You hit the boulder beetle but do no damage.
You headbutt the boulder beetle, but do no damage.
The boulder beetle hits you!
The boulder beetle stops rolling and uncurls.
You sock the boulder beetle!
You headbutt the boulder beetle, but do no damage.
The boulder beetle is lightly wounded.
The boulder beetle bites you.
You sock the boulder beetle!
You headbutt the boulder beetle, but do no damage.
The boulder beetle is moderately wounded.
The boulder beetle bites you!
You puncture the boulder beetle!
The boulder beetle is moderately wounded.
The boulder beetle bites you!
You hit the boulder beetle.
The boulder beetle is heavily wounded.
You hit the boulder beetle but do no damage.
You headbutt the boulder beetle.
The boulder beetle is heavily wounded.
The boulder beetle bites you.
You hit the boulder beetle but do no damage.
The boulder beetle is heavily wounded.
The boulder beetle bites you!
* * * LOW HITPOINT WARNING * * *
You feel better. The boulder beetle bites you!
* * * LOW HITPOINT WARNING * * *
The boulder beetle completely misses you.
The boulder beetle misses you.
The boulder beetle completely misses you.
The boulder beetle bites you but does no damage.
The boulder beetle closely misses you. You furiously retaliate!
You headbutt the boulder beetle. The boulder beetle barely misses you.
The boulder beetle bites you!
* * * LOW HITPOINT WARNING * * *
The boulder beetle completely misses you.
As you read the scroll of teleportation, it crumbles to dust.
You feel strangely unstable. The boulder beetle bites you!!
You die...

#.....######.##.#
##........##.##.#
####...........##.######
##.###...........#.......
#..###..........##.#)#.## #
######...(†.....##......##.#.# ##
#...##.###...#..#.............
.###...##..##..............####..
.##)).)...#####B@...........# ##
.##)##.....##.'#.#####........
###.#.....##.)○### ##.#..###'
.#....#####...## ####.# . ....###
...○# .# ...## .....# ...# .....
...# .#.# .... ##...# ....# ....
##....######


You could see a boulder beetle.

Vanquished Creatures
  Pikel (D:7)
  A cyclops (D:8)
  An unseen horror (D:8)
  A troll (D:8)
  A hornet (D:8)
  Sigmund (D:6)
  A wraith (D:8)
  6 yaks (D:8)
  A steam dragon (D:6)
  2 water moccasins (D:7)
  2 sky beasts
  2 ice beasts
  2 black bears
  An ogre (D:6)
  3 centaurs
  3 phantoms
  4 kobold brigands
  3 bullfrogs
  A scorpion (D:5)
  8 wights (D:7)
  6 killer bees (D:8)
  2 howler monkeys
  4 hounds
  4 orc priests
  A sleepcap (D:6)
  4 iguanas
  12 orc wizards
  10 adders
  2 shadow imps
  A white imp (D:6)
  2 ufetubi (D:5)
  A worm (D:5)
  A dart slug (D:5)
  42 orcs
  10 endoplasms
  6 giant cockroaches
  7 goblins
  7 hobgoblins
  18 kobolds
  3 quokkas
  5 ball pythons
  7 bats
  3 frilled lizards
  10 rats
213 creatures vanquished.

Vanquished Creatures (others)
  An orc (D:6)
1 creature vanquished.

Grand Total: 214 creatures vanquished

Notes
Turn   | Place    | Note
-------+----------+-------------------------------------------
     0 | D:1      | AppTheSpectato the Minotaur Fighter began the quest for the
                  | Orb.
     0 | D:1      | Reached XP level 1. HP: 19/19 MP: 0/0
   136 | D:1      | Reached XP level 2. HP: 27/27 MP: 1/1
   145 | D:1      | Reached skill level 3 in Maces & Flails
   660 | D:1      | Reached XP level 3. HP: 34/34 MP: 2/2
  1217 | D:2      | Found a glowing silver altar of Zin.
  1282 | D:2      | Found a faded altar of an unknown god.
  1453 | D:2      | Reached skill level 4 in Maces & Flails
  1754 | D:3      | Reached XP level 4. HP: 41/41 MP: 3/3
  1917 | D:3      | You fall into a shaft and drop 2 floors!
  1917 | D:5      | Entered Level 5 of the Dungeon
  1919 | D:5      | Found an ornate altar of the Wu Jian Council.
  1920 | D:5      | Noticed a phantom
  1926 | D:5      | Killed a phantom
  1927 | D:5      | Reached skill level 5 in Fighting
  1927 | D:5      | Reached XP level 5. HP: 48/48 MP: 4/4
  1928 | D:5      | Reached skill level 5 in Maces & Flails
  2150 | D:5      | Reached XP level 6. HP: 57/57 MP: 5/5
  2152 | D:5      | Found a staircase to the Ecumenical Temple.
  2155 | D:5      | Identified the +2 dagger "Barentut" {venom, *Corrode rC+++
                  | Str+6}
  2181 | Temple   | Entered the Ecumenical Temple
  2306 | D:4      | Found a bloodstained altar of Trog.
  2440 | D:3      | Reached skill level 6 in Maces & Flails
  2521 | D:3      | Found a white marble altar of Elyvilon.
  2534 | D:3      | Found a glowing golden altar of the Shining One.
  2535 | D:3      | Found a glowing silver altar of Zin.
  2557 | D:3      | Became a worshipper of the Shining One
  3119 | D:4      | Found a snail-covered altar of Cheibriados.
  3119 | D:4      | Found a broken altar of Ashenzari.
  3120 | D:4      | Found a sacrificial altar of Ru.
  3344 | D:5      | Reached XP level 7. HP: 29/66 MP: 6/6
  3710 | D:5      | Reached skill level 7 in Maces & Flails
  3999 | D:6      | Reached skill level 8 in Maces & Flails
  4046 | D:6      | Reached XP level 8. HP: 74/75 MP: 7/7
  4065 | D:6      | Reached * piety under the Shining One
  4073 | D:6      | Identified the +4 ring mail of Ravioli {SInv}
  4368 | D:6      | Noticed Sigmund
  4397 | D:6      | Killed Sigmund
  4398 | D:6      | Reached skill level 9 in Maces & Flails
  4440 | D:6      | Reached skill level 10 in Fighting
  4451 | D:6      | Paralysed by an orc wizard for 2 turns
  4457 | D:6      | Reached skill level 10 in Maces & Flails
  4669 | D:6      | Reached XP level 9. HP: 63/85 MP: 8/8
  4900 | D:7      | Reached skill level 11 in Maces & Flails
  5087 | D:7      | Noticed Pikel
  5107 | D:7      | Killed Pikel
  5108 | D:7      | Reached skill level 12 in Maces & Flails
  5246 | D:7      | Reached skill level 13 in Maces & Flails
  5324 | D:7      | Reached ** piety under the Shining One
  5764 | D:8      | Reached skill level 14 in Maces & Flails
  5851 | D:8      | Reached XP level 10. HP: 61/94 MP: 9/9
  6061 | D:8      | Found Roheral's Assorted Antiques.
  6096 | D:8      | Found an iron altar of Okawaru.
  6124 | D:8      | Found a runed translucent door.
  6142 | D:8      | Reached skill level 1 in Invocations
  6150 | D:8      | Noticed a cyclops
  6171 | D:8      | Killed a cyclops
  6243 | D:8      | Reached skill level 5 in Invocations
  6338 | D:8      | Noticed a boulder beetle
  6476 | D:8      | Mangled by a boulder beetle

Illustrated notes

Levels and vault maps discovered:
D:1:      minmay_arrival_up_and_down, layout_basic
D:2:      layout_basic, hellmonk_ecumenical_altar_zigzags, basic_altar,
          minmay_between
D:3:      layout_rooms, good_gods_mini_temple, minivault_14, lemuel_flame_loot_1
D:4:      layout_basic, trog_three_pillars_becter,
          gammafunk_temple_overflow_claw, palyth_stone_intersect
D:5:      layout_basic, kennysheep_little_box, minmay_temple_entry_mist
D:6:      layout_loops_cross, kennysheep_potato, uniq_sigmund
D:7:      layout_basic, uniq_pikel
D:8:      cheibrodos_histonic, layout_cave_pools, lemuel_doored_altar,
          serial_shops, shop, grunt_ministairs_3,
          nicolae_shop_i_like_small_books_too, minmay_shattered_shrine
Temple:   cyrus_temple_forest

Skill      XL: |  1  2  3  4  5  6  7  8  9 10 |
---------------+-------------------------------+-----
Fighting       | 4 5 6 7 8 10 12 | 12.0
Maces & Flails | 3 4 5 6 8 10 14 | 14.0
Invocations    | 5 |  5.7
Armour         | |  3.6
Shields        | |  3.6

Action                     |  1- 3 |  4- 6 |  7- 9 | 10-12 || total
---------------------------+-------+-------+-------+-------++-------
  Melee: Flail             |    87 |    88 |   177 |    44 ||   396
         Headbutt          |    18 |    12 |    56 |    22 ||   108
         Whip              |       |       |    27 |       ||    27
         Punch             |       |       |     1 |       ||     1
         Morningstar       |       |       |       |    49 ||    49
    Use: Scroll            |       |       |       |     8 ||     8
         Potion            |       |       |       |     1 ||     1
 Armour: Scale mail        |    63 |    38 |    29 |       ||   130
         Ring mail         |       |       |    93 |    51 ||   144
  Dodge: Dodged            |    61 |    67 |   160 |    57 ||   345

Table legend: (Time is in decaauts)
 A = Elapsed time spent in this place.
 B = Non-inter-level travel time spent in this place.
 C = Inter-level travel time spent in this place.
 D = Time resting spent in this place.
 E = Time spent auto-exploring this place.
 F = Levels seen in this place.
 G = Mean time per level.
                   A        B        C        D        E       F      G
               +--------+--------+--------+--------+--------+-----+--------+
         Total |   6453 |   5969 |    484 |    563 |   4177 |   9 |  717.0 |
       Dungeon |   6390 |   5967 |    423 |    563 |   4177 |   8 |  798.8 |
        Temple |     62 |      1 |     61 |      0 |      0 |   1 |   62.0 |
               +--------+--------+--------+--------+--------+-----+--------+

Top non-repeatable levels by time:
     D:6: 1072 daAuts
     D:1: 996 daAuts
     D:7: 917 daAuts
     D:5: 831 daAuts
     D:2: 735 daAuts
     D:4: 673 daAuts
     D:8: 627 daAuts
     D:3: 536 daAuts
  Temple: 62 daAuts
